 Dungeon Crawl Stone Soup version 0.28-a0-199-g298df9dbad (webtiles) character file.

Game seed: 14873211591309771901

105 timneilson the Shield-Bearer (level 4, -1/29 HPs)
             Began as a Gargoyle Fighter on Aug 19, 2021.
             Slain by a black bear (4 damage)
             ... on level 4 of the Dungeon.
             The game lasted 00:03:36 (2844 turns).

timneilson the Shield-Bearer (Gargoyle Fighter)     Turns: 2844, Time: 00:03:37

Health: -1/29      AC: 11    Str: 21    XL:     4   Next: 81%
Magic:  4/4        EV:  7    Int:  8    God:
Gold:   173        SH:  8    Dex:  9    Spells: 3/3 levels left

rFire   . . .      SeeInvis .   a - +0 long sword
rCold   . . .      Faith    .   c - +0 kite shield
rNeg    + . .      Spirit   .   b - +0 scale mail rPois āˆž Reflect .
                                (no helmet)
rElec   +          Harm     .   f - +0 cloak
rCorr   .          Rampage  .   (no gloves)
Will    .....                   (no boots)
Stlth   ..........              (no amulet)
HPRegen 0.09/turn               (no ring)
MPRegen 0.09/turn               (no ring)

@: mighty
A: sickness immunity, AC +3, negative energy resistance 1, electricity
resistance, torment resistance 1, petrification resistance
a: no special abilities


You were on level 4 of the Dungeon.
You visited 1 branch of the dungeon, and saw 4 of its levels.

You collected 173 gold pieces.

Inventory:

Hand Weapons
 a - a +0 long sword (weapon)
 k - a +0 rapier of flaming
Armour
 b - a +0 scale mail (worn)
 c - a +0 kite shield (worn)
 f - a +0 cloak (worn)
Jewellery
 l - an amulet of regeneration
Scrolls
 h - 2 scrolls of teleportation
Potions
 e - a potion of lignification {unknown}
 g - 2 potions of invisibility
 i - a potion of curing {unknown}
 j - 3 potions of heal wounds {unknown}


   Skills:
 + Level 3.8 Fighting
 * Level 2.6 Long Blades
 * Level 4.1 Armour
 * Level 4.2 Shields


You had 3 spell levels left.
You didn't know any spells.
Your spell library was empty.

Dungeon Overview and Level Annotations

Branches:
Dungeon (4/15)
 Temple: D:4-7

Altars:
The Shining One


Innate Abilities, Weirdness & Mutations

You are immune to sickness and miasma.
Your stone body is resilient. (AC +3)
You are immune to poison.
You resist negative energy. (rN+)
You are resistant to electric shocks. (rElec)
You are resistant to unholy torment.
You are immune to petrification.


Message History

You feel very mighty all of a sudden. The endoplasm freezes you.
You are frozen.
* * * LOW HITPOINT WARNING * * *
You slash the endoplasm!
You kill the endoplasm!
The kobold throws a poisoned dart.
The poisoned dart hits you!
You hit the kobold.
The kobold is severely wounded.
You block the kobold's attack. x2
Your shield prevents you from hitting the kobold.
The kobold is severely wounded.
The kobold hits you but does no damage.
You closely miss the kobold.
The kobold is severely wounded.
You block the kobold's attack. The kobold hits you but does no damage.
You closely miss the kobold.
The kobold is severely wounded.
The kobold hits you but does no damage.
You closely miss the kobold.
The kobold is severely wounded.
The kobold hits you but does no damage. x2
You slash the kobold!
You kill the kobold!
The black bear barely misses you. You block the black bear's attack.
The black bear claws you.
* * * LOW HITPOINT WARNING * * *
You barely miss the black bear.
The black bear is lightly wounded.
The black bear bites you.
* * * LOW HITPOINT WARNING * * *
The black bear closely misses you.
The black bear claws you but does no damage.
You completely miss the black bear.
The black bear is lightly wounded.
The black bear bites you but does no damage.
The black bear barely misses you.
The black bear claws you but does no damage.
The black bear bites you.
You die...

# ### #. #.####.#
....#.#....######.
..................
..#.#.#<.#.##...#[
# #..#h# .###
#..#@#


Sā‰ˆ ####.# ... .#..! #.##### # You could see a black bear.

Vanquished Creatures
  Jessica (D:2)
  A gnoll (D:1)
  A worm (D:2)
  2 dart slugs
  4 bats
  5 endoplasms
  3 giant cockroaches
  4 goblins
  6 hobgoblins
  2 jackals (D:2)
  4 quokkas
  6 ball pythons
  15 kobolds
  4 rats
58 creatures vanquished.

Vanquished Creatures (others)
  5 toadstools (D:1)
  2 withered plants (D:2)
7 creatures vanquished.

Grand Total: 65 creatures vanquished

Notes
Turn   | Place    | Note
-------+----------+-------------------------------------------
     0 | D:1      | timneilson the Gargoyle Fighter began the quest for the
                  | Orb.
     0 | D:1      | Reached XP level 1. HP: 14/14 MP: 1/1
   154 | D:1      | Reached XP level 2. HP: 7/19 MP: 2/2
   420 | D:1      | Reached XP level 3. HP: 23/23 MP: 3/3
  1540 | D:2      | Found a faded altar of an unknown god.
  1804 | D:2      | Reached XP level 4. HP: 26/28 MP: 4/4
  1912 | D:2      | Noticed Jessica
  1918 | D:2      | Killed Jessica
  2711 | D:3      | Found a glowing golden altar of the Shining One.
  2823 | D:4      | Noticed a black bear
  2844 | D:4      | Slain by a black bear

Illustrated notes

Levels and vault maps discovered:
D:1:      ldierk_walled_garden, layout_basic, minmay_indecisive_spiral
D:2:      minmay_skewed_foursquare, layout_rooms, shapermc_ecumenical_altar_gd,
          minmay_misc_feat_encased, minmay_pentomino_pile, uniq_jessica
D:3:      layout_rooms, nicolae_tso_swordbearing_angel, minivault_19
D:4:      layout_basic, minmay_temple_entry_arrows, ebering_ghost_sewer_d

Skill      XL: |  1  2  3  4 |
---------------+-------------+-----
Long Blades    | 2 |  2.6
Shields        | 4 |  4.2
Armour         | 4 |  4.1
Fighting       | |  3.8

Action                   |  1- 3 |  4- 6 || total
-------------------------+-------+-------++-------
Melee: Long sword        |   123 |    58 ||   181
  Use: Scroll            |     3 |     5 ||     8
       Potion            |       |     1 ||     1
Armor: Scale mail        |    65 |    46 ||   111
Dodge: Dodged            |    41 |    17 ||    58
Block: Kite shield       |    69 |    29 ||    98
       Rpst.: Long sword |    13 |     4 ||    17

Table legend: (Time is in decaauts)
 A = Elapsed time spent in this place.
 B = Non-inter-level travel time spent in this place.
 C = Inter-level travel time spent in this place.
 D = Time resting spent in this place.
 E = Time spent auto-exploring this place.
 F = Levels seen in this place.
 G = Mean time per level.
                   A        B        C        D        E       F      G
               +--------+--------+--------+--------+--------+-----+--------+
         Total |   2934 |   2823 |    111 |      0 |   2329 |   4 |  733.5 |
       Dungeon |   2934 |   2823 |    111 |      0 |   2329 |   4 |  733.5 |
               +--------+--------+--------+--------+--------+-----+--------+

Top non-repeatable levels by time:
     D:1: 1346 daAuts
     D:2: 943 daAuts
     D:3: 617 daAuts
     D:4: 27 daAuts
